AoeStats
← 血刃

Nomad

510571996Analyzed
2v2 RM · 10h ago on Oct 1, 2026· 36m 35s· 4 players
Game mode
Random Map
Map size
176×176
Population
200
Speed
Normal
Resources
Standard
Victory
Conquest
Starting age
Dark Age
Ending age
Imperial Age
RankedLock teamsTeams togetherTeam positionsShared explorationLock speedFull tech treeHidden civsTurbo modeCheats
Victory
Defeat
🇧🇷 Tatars · Brazil
1674
+15
🇩🇪 Persians · Germany
1563
+20
🇩🇪 Romans · Germany
1738
-21
🇩🇪 Goths · Germany
1563
-14
[BieSt] Bienenkönigin
9:58 Loom
12:10 Feudal Age
21:35 Castle Age
21:38 Wheelbarrow
21:02 Double-Bit Axe
22:35 Medium Warships
25:08 Scale Mail Armor
25:19 Forging
33:08 Bow Saw
34:22 Fishing Lines
35:28 Gillnets
NOC | Wean Dinchester
5:42 Loom
13:19 Feudal Age
13:48 Double-Bit Axe
21:58 Castle Age
20:55 Forging
21:59 Gold Mining
22:58 Medium Warships
23:49 Careening
28:39 Fishing Lines
29:16 Town Watch
30:06 Bow Saw
29:42 Horse Collar
31:15 Wheelbarrow
31:48 Ballistics
34:20 Hand Cart
血刃
6:12 Loom
13:55 Feudal Age
15:04 Double-Bit Axe
21:37 Castle Age
20:53 Gold Mining
21:01 Fletching
22:28 Bodkin Arrow
35:08 Ballistics
34:49 Padded Archer Armor
Kümmelbrot OP
6:58 Loom
10:25 Feudal Age
11:01 Double-Bit Axe
19:39 Fletching
26:04 Town Watch
29:23 Castle Age
31:16 Bodkin Arrow
Connection lost

Rejoining the realm…

Still unreachable

The connection could not be restored.

Session expired

The server has moved on; the page needs a fresh start.